AoeStats
← joeyvankoningsbruggen

Nomad

509078467Analyzed
2v2 RM · 7d ago on Sep 25, 2026· 51m 52s· 4 players
Game mode
Random Map
Map size
176×176
Population
200
Speed
Normal
Resources
Standard
Victory
Conquest
Starting age
Dark Age
Ending age
Imperial Age
RankedLock teamsTeams togetherTeam positionsShared explorationLock speedFull tech treeHidden civsTurbo modeCheats
Victory
Defeat
🇩🇪 Persians · Germany
1209
+15
🇩🇪 Lithuanians · Germany
1200
+15
🇲🇹 Romans · Malta
1205
-16
🇮🇪 Varangians · Ireland
1148
-14
Sean1407
4:57 Loom
15:20 Feudal Age
15:59 Fishing Lines
15:48 Man-at-Arms
17:36 Gold Mining
17:45 Arson
19:38 Wheelbarrow
19:50 Forging
19:41 Scale Mail Armor
20:15 Stone Mining
21:40 Double-Bit Axe
25:36 Castle Age
24:05 Fletching
25:52 Pikeman
26:17 Gambesons
27:11 Iron Casting
26:52 Chain Mail Armor
26:50 Gillnets
27:14 Bow Saw
27:31 Squires
28:51 Bodkin Arrow
30:25 Coinage
35:05 Hand Cart
34:36 Town Watch
35:39 Stone Shaft Mining
40:21 Imperial Age
39:16 Padded Archer Armor
40:56 Scale Barding Armor
40:38 Treadmill Crane
40:53 Murder Holes
41:20 Ballistics
42:13 Conscription
43:21 Conscription
44:12 Chemistry
43:27 Vendel Legacy
47:30 Two-Man Saw
46:16 Horse Collar
47:49 Heavy Plow
48:45 Elite Jarl
50:14 Crop Rotation
joeyvankoningsbruggen
8:58 Loom
15:18 Feudal Age
15:47 Man-at-Arms
18:11 Scale Mail Armor
18:23 Town Watch
19:14 Wheelbarrow
19:03 Forging
19:52 Gold Mining
24:48 Castle Age
24:56 Pikeman
25:37 Squires
37:14 Double-Bit Axe
40:33 Bow Saw
41:40 Hand Cart
44:04 Chain Mail Armor
44:54 Iron Casting
49:13 Imperial Age
51:49 Conscription
Tonok
5:21 Loom
14:12 Feudal Age
14:42 Fishing Lines
15:22 Double-Bit Axe
20:22 Castle Age
17:58 Man-at-Arms
20:21 Forging
20:00 Horse Collar
23:22 Scale Barding Armor
24:02 Husbandry
30:20 Long Swordsman
32:28 Fervor
32:38 Sanctity
33:19 Bloodlines
35:14 Heavy Plow
38:04 Imperial Age
38:19 Gold Mining
38:19 Stone Mining
39:41 Cavalier
40:53 Pikeman
42:25 Block Printing
42:25 Masonry
43:16 Chemistry
43:54 Architecture
48:08 Illumination
48:05 Paladin
49:31 Chain Barding Armor
49:46 Iron Casting
50:57 Crop Rotation
51:05 Wheelbarrow
50:43 Fletching
51:29 Plate Barding Armor
Obi Lan
2:52 Loom
14:29 Feudal Age
14:45 Fishing Lines
14:54 Double-Bit Axe
17:47 Bloodlines
17:22 Man-at-Arms
18:33 Forging
21:43 Castle Age
21:05 Scale Barding Armor
21:55 Wheelbarrow
23:13 Husbandry
24:04 Chain Barding Armor
23:38 Gold Mining
28:07 Stone Mining
33:40 Imperial Age
31:12 Gillnets
31:35 Medium Warships
35:00 Hand Cart
36:06 Heavy Warships
36:48 Plate Barding Armor
36:50 Iron Casting
36:27 Town Watch
36:55 Cavalier
39:04 Conscription
39:07 Bow Saw
40:17 Blast Furnace
41:23 Savar
43:07 Careening
43:07 Clinker Construction
44:55 Gold Shaft Mining
50:26 Two-Man Saw
49:21 Fletching
50:11 Stone Shaft Mining
Connection lost

Rejoining the realm…

Still unreachable

The connection could not be restored.

Session expired

The server has moved on; the page needs a fresh start.